 Dungeon Crawl Stone Soup version 0.17.1-2-g5865329 (webtiles) character file.

8016 FortyThree the Carver (level 11, -10/90 HPs)
             Began as a Demonspawn Gladiator on Jan 15, 2016.
             Was a High Priest of Ru.
             Mangled by an ice beast (13 damage)
             ... in an ice cave.
             The game lasted 00:41:31 (11476 turns).

FortyThree the Carver (Demonspawn Gladiator)       Turns: 11476, Time: 00:41:33

Health: -10/90     AC: 22    Str: 16    XL:     11   Next: 4%
Magic:  8/11       EV:  5    Int: 12    God:    Ru [*****.]
Gold:   589        SH:  0    Dex: 14    Spells: 1 memorised, 7 levels left

rFire  . . .     SeeInvis .     a - +0 great sword
rCold  . . .     Clarity  .     D - +4 plate armour
rNeg   . . .     SustAt   .     (shield currently unavailable)
rPois  .         Gourm    .     c - +0 helmet
rElec  .         Spirit   .     k - +0 cloak
rCorr  .         Warding  .     (no gloves)
rMut   .         Stasis   .     (no boots)
MR     .....                    (no amulet)
Stlth  ..........               (no ring)
                                (no ring)

@: exhausted, drained, not resistant to hostile enchantments, extremely
unstealthy
A: hooves 1, yellow scales 2, spiny 2, rot immunity, inability to use devices,
no poison magic, no summoning magic, no transmutations magic, inexperienced 1
a: Draw Out Power, Power Leap, Apocalypse, Renounce Religion


You were in an ice cave.
You worshipped Ru.
Ru was extremely pleased with you.
You were not hungry.

You visited 3 branches of the dungeon, and saw 11 of its levels.
You also visited: Ice Cave.

You collected 589 gold pieces.

Inventory:

Hand Weapons
 a - a +0 great sword (weapon)
 b - a +0 blowgun
 x - a +0 long sword
Missiles
 d - 2 throwing nets (quivered)
 t - 36 poisoned needles
Armour
 c - a +0 helmet (worn)
 k - a +0 cloak (worn)
 s - a +0 leather armour
 y - a +0 plate armour
 D - a +4 plate armour (worn)
Jewellery
 E - an uncursed ring of fire
Scrolls
 g - 4 scrolls of teleportation
 j - 2 scrolls of enchant weapon {unknown}
 l - 3 scrolls of identify
 o - a scroll of enchant armour
 q - 4 scrolls of remove curse
 r - a scroll of random uselessness {unknown}
 B - a scroll of recharging {unknown}
 C - a scroll of amnesia
Potions
 f - 3 potions of agility
 i - 2 potions of brilliance {unknown}
 n - a potion of ambrosia {unknown}
 u - 2 potions of flight
 A - a potion of heal wounds
Books
 p - a book of Necromancy

   Spells                             Type                      Level
   a - Pain                           Necromancy                   1
   b - Animate Skeleton               Necromancy                   1
   c - Vampiric Draining              Necromancy                   3
   d - Regeneration                   Charms/Necromancy            3
   e - Animate Dead                   Necromancy                   4
   f - Control Undead                 Necromancy                   4
 w - a book of Envenomations

   Spells                             Type                      Level
   a - Spider Form                    Transmutation/Poison         3
   b - Alistair's Intoxication        Transmutation/Poison         4
   c - Olgreb's Toxic Radiance        Poison                       4
   d - Poisonous Cloud                Conjuration/Poison/Air       6
Comestibles
 e - 6 bread rations
 h - 7 meat rations
 v - 8 slices of pizza
 z - 5 fruits
 H - 4 beef jerkies


   Skills:
 + Level 10.0(8.7) Fighting
 + Level 12.0(10.6) Long Blades
 - Level 1.7(0.7) Throwing
 - Level 7.3(6.1) Armour
 - Level 2.6(1.6) Dodging


You had 7 spell levels left.
You knew the following spells:

 Your Spells              Type           Power        Failure   Level  Hunger
a - Regeneration          Chrm/Necr      #.........   100%        3    ####...


Dungeon Overview and Level Annotations

Branches:
Dungeon (9/15)             Temple (1/1) D:5            Lair (1/8) D:8
    Orc (0/4) D:9

Altars:
Ashenzari
Cheibriados
Dithmenos
Elyvilon
Fedhas
Gozag
Kikubaaqudgha
Makhleb
Nemelex Xobeh
Okawaru
Qazlal
Ru
Sif Muna
Trog
Vehumet
Xom
Yredelemnul
Zin
The Shining One

Shops:
D:8 [

Annotations:
D:4 Grinder


Innate Abilities, Weirdness & Mutations

You have large cloven feet.
You are mostly covered in yellow scales (AC +3).
You are mostly covered in sharp spines.
You are immune to rotting.
You cannot study or use magical devices.
You cannot study or cast Poison magic.
You cannot study or cast Summoning magic.
You cannot study or cast Transmutations magic.
You are somewhat inexperienced (-2 XL).


Message History

You barely miss the ice beast.
You kick the ice beast, but do no damage.
The ice beast is severely wounded.
The ice beast completely misses you.
You hit the ice beast.
The ice beast is almost dead.
The ice beast closely misses you.
Drink which item? (? for menu, Esc to quit)
Okay, then.
You hit the ice beast but do no damage.
The ice beast is severely wounded.
The ice beast barely misses you.
You catch the helpless ice beast completely off-guard!
You hit the ice beast but do no damage.
You kick the ice beast, but do no damage.
The ice beast is severely wounded.
The ice beast hits you.
* * * LOW HITPOINT WARNING * * *
The ice beast freezes you!
You die...

#####
##@..##
##.Y∩..##
#.......#
#...∩...#
##.....##
##...##
#...#
##...
#...#


You could see an ice beast (blind).

Vanquished Creatures
  Maurice (D:8)
  A kobold demonologist (D:9)
  A human (D:8)
  A death yak simulacrum (IceCv)
  A hippogriff (D:7)
  5 wolves (Lair:1)
  16 yaks (D:9)
  2 wargs (D:8)
  A water moccasin (Lair:1)
  9 orc warriors
  11 ice beasts
  4 ogres
  3 black bears
  A phantom (D:8)
  2 centaurs
  A crocodile (Lair:1)
  6 big kobolds
  Blork the orc (D:4)
  A gnoll sergeant (D:7)
  3 giant frogs
  3 scorpions
  A water moccasin skeleton (D:9)
  13 killer bees
  A swamp dragon simulacrum (IceCv)
  A quasit (D:9)
  5 wights (D:8)
  5 crimson imps
  3 centaur zombies
  6 jellies
  A gnoll shaman (D:7)
  9 orc priests
  6 hounds
  A giant frog skeleton (D:8)
  15 worker ants
  2 iguanas
  9 orc wizards
  A polar bear simulacrum (IceCv)
  Natasha (thrice) (D:4)
  A wolf simulacrum (IceCv)
  4 sheep (D:8)
  A hound zombie (D:8)
  A hound skeleton (D:9)
  2 worker ant zombies
  12 adders
  12 gnolls
  2 shadow imps
  2 white imps (IceCv)
  An ooze (D:5)
  An adder zombie (D:5)
  An adder skeleton (D:7)
  5 worms
  39 orcs
  9 bats
  6 goblins
  10 hobgoblins
  17 jackals
  26 kobolds
  3 ball pythons
  A ball python zombie (D:5)
  6 giant cockroaches
  5 giant geckos
  A giant gecko skeleton (D:7)
  5 giant newts
  2 quokkas
  6 rats
337 creatures vanquished.

Vanquished Creatures (others)
  An orc priest (D:4)
  An orc (D:4)
  A kobold (D:7)
  A giant newt (D:4)
4 creatures vanquished.

Grand Total: 341 creatures vanquished

Notes
Turn   | Place    | Note
--------------------------------------------------------------
     0 | D:1      | FortyThree the Demonspawn Gladiator began the quest for the Orb.
     0 | D:1      | Reached XP level 1. HP: 16/16 MP: 1/1
    60 | D:1      | Reached skill level 3 in Long Blades
   166 | D:1      | Gained mutation: You are partially covered in sharp spines. [demonic ancestry]
   166 | D:1      | Reached XP level 2. HP: 22/22 MP: 2/2
   773 | D:2      | Reached XP level 3. HP: 27/27 MP: 3/3
   788 | D:2      | Reached skill level 4 in Long Blades
  1155 | D:2      | Gained mutation: You are immune to rotting. [demonic ancestry]
  1155 | D:2      | Reached XP level 4. HP: 33/33 MP: 4/4
  2081 | D:3      | Reached skill level 5 in Long Blades
  2462 | D:4      | Gained mutation: You are partially covered in yellow scales (AC +2). [demonic ancestry]
  2462 | D:4      | Reached XP level 5. HP: 35/38 MP: 5/5
  2567 | D:4      | Noticed Blork the orc
  2584 | D:4      | Killed Blork the orc
  2584 | D:4      | Reached skill level 6 in Long Blades
  2584 | D:4      | Gained mutation: You are mostly covered in sharp spines. [demonic ancestry]
  2584 | D:4      | Reached XP level 6. HP: 6/44 MP: 6/6
  2964 | D:4      | Noticed Natasha
  2973 | D:4      | Killed Natasha
  3013 | D:4      | Noticed Natasha
  3017 | D:4      | Killed Natasha
  3023 | D:4      | Found a shattered altar of Ashenzari.
  3029 | D:4      | Noticed Natasha
  3036 | D:4      | Killed Natasha
  3480 | D:4      | Reached skill level 7 in Long Blades
  3528 | D:4      | Found a glowing golden altar of the Shining One.
  3531 | D:4      | Noticed an angel
  3544 | D:4      | Found a basalt altar of Yredelemnul.
  3544 | D:4      | Noticed an orc warrior
  3567 | D:4      | Killed an orc warrior
  3567 | D:4      | Reached XP level 7. HP: 21/50 MP: 7/7
  3749 | D:4      | Noticed a profane servitor
  3897 | D:4      | Found a bloodstained altar of Trog.
  3897 | D:4      | Found a sparkling altar of Nemelex Xobeh.
  3942 | D:4      | Noticed Grinder
  4160 | D:5      | Entered Level 5 of the Dungeon
  4230 | D:5      | Reached skill level 8 in Long Blades
  4293 | D:5      | Found a staircase to the Ecumenical Temple.
  4327 | Temple   | Entered the Ecumenical Temple
  4448 | Temple   | Became a worshipper of Ru the Awakened
  4734 | D:5      | Reached XP level 8. HP: 45/60 MP: 8/8
  4952 | D:5      | Found a shimmering altar of Xom.
  5142 | D:6      | Reached skill level 5 in Fighting
  5147 | D:6      | Found an ancient bone altar of Kikubaaqudgha.
  5236 | D:6      | Reached skill level 1 in Armour
  5595 | D:6      | Found an iron altar of Okawaru.
  5598 | D:6      | Found an opulent altar of Gozag.
  5604 | D:6      | Found a blossoming altar of Fedhas.
  5638 | D:6      | Gained mutation: You cannot study or use magical devices. [Ru sacrifice]
  5638 | D:6      | Reached * piety under Ru
  5638 | D:6      | Reached ** piety under Ru
  5638 | D:6      | Reached *** piety under Ru
  6338 | D:7      | HP: 2/64 [orc wizard/puff of flame (5)]
  6816 | D:7      | Gained mutation: You have large cloven feet. [demonic ancestry]
  6816 | D:7      | Reached XP level 9. HP: 49/70 MP: 9/9
  6978 | D:7      | HP: 3/70 [hippogriff (5)]
  7465 | D:7      | Reached skill level 9 in Long Blades
  7466 | D:7      | Reached skill level 5 in Armour
  7522 | D:7      | Found a burning altar of Makhleb.
  8160 | D:8      | Found a staircase to the Lair.
  8204 | D:8      | Reached skill level 10 in Long Blades
  8400 | D:8      | Gained mutation: You are somewhat inexperienced (-2 XL). [Ru sacrifice]
  8400 | D:8      | Reached XP level 8. HP: 65/65 MP: 8/8
  8400 | D:8      | Reached XP level 7. HP: 59/59 MP: 7/7
  8400 | D:8      | Reached **** piety under Ru
  8422 | D:8      | Reached XP level 8. HP: 39/65 MP: 8/8
  8668 | D:8      | Learned a level 3 spell: Regeneration
  8982 | D:8      | Found Giunow's Antique Armour Shoppe.
  8983 | D:8      | Noticed Maurice
  9090 | D:8      | Reached XP level 9. HP: 67/72 MP: 9/9
  9187 | D:8      | Killed Maurice
  9700 | D:9      | Noticed a kobold demonologist
  9717 | D:9      | Noticed a sixfirhy
  9722 | D:9      | Killed a kobold demonologist
  9722 | D:9      | Reached skill level 11 in Long Blades
  9722 | D:9      | Gained mutation: You are mostly covered in yellow scales (AC +3). [demonic ancestry]
  9722 | D:9      | Reached XP level 10. HP: 56/82 MP: 10/10
 10128 | D:9      | Found a staircase to the Orcish Mines.
 10652 | D:9      | Gained mutation: You cannot study or cast Poison magic. [Ru sacrifice]
 10652 | D:9      | Gained mutation: You cannot study or cast Transmutations magic. [Ru sacrifice]
 10652 | D:9      | Gained mutation: You cannot study or cast Summoning magic. [Ru sacrifice]
 10652 | D:9      | Reached ***** piety under Ru
 11347 | Lair:1   | Entered Level 1 of the Lair of Beasts
 11391 | Lair:1   | Found a frozen archway.
 11412 | Lair:1   | Reached XP level 11. HP: 62/90 MP: 11/11
 11416 | Lair:1   | Reached skill level 10 in Fighting
 11416 | Lair:1   | Reached skill level 12 in Long Blades
 11423 | IceCv    | Entered an ice cave
 11476 | IceCv    | HP: 3/90 [ice beast (4)]
 11476 | IceCv    | Mangled by an ice beast

Action                   |  1- 3 |  4- 6 |  7- 9 | 10-12 || total
-------------------------+-------+-------+-------+-------++-------
Melee: Long sword        |    63 |   125 |   337 |       ||   525
       Great sword       |       |       |   113 |   177 ||   290
 Fire: Blowgun           |       |       |     1 |       ||     1
Throw: Throwing net      |       |     5 |       |       ||     5
Invok: Sacrifice Experie |       |       |     1 |       ||     1
       Draw Out Power    |       |       |     2 |       ||     2
       Sacrifice Artific |       |       |     1 |       ||     1
       Sacrifice Arcana  |       |       |       |     1 ||     1
       Apocalypse        |       |       |       |     1 ||     1
  Use: Potion            |       |     3 |     3 |       ||     6
       Scroll            |       |       |    15 |     1 ||    16
 Stab: Sleeping          |     1 |       |       |       ||     1
       Held in net/web   |       |     1 |       |       ||     1
       Invisible         |       |       |     8 |     2 ||    10
       Distracted        |       |       |     4 |     2 ||     6
  Eat: Chunk             |     1 |     6 |    20 |     4 ||    31
       Fruit             |       |       |     1 |       ||     1
       Bread ration      |       |       |       |     1 ||     1
